Map: Ephemeron LE

Players

Denver

  • Race: Zerg Zerg
  • Spawn Location: 11:00

Serral - Winner!

  • Race: Zerg Zerg
  • Spawn Location: 5:00

VOD

https://youtu.be/zoKNOj9IG0I

Description

Time

  • Played on: Sept. 7, 2019, 5:34 p.m.
  • Length: 15:50
Show
View Real Time Build Order
Export as new Build Order

Denver Zerg 

Build Orders: Hatch First, Lurkers 

Get SALT Encoding   

  12  0:00  Drone  
  13  0:12  Overlord  
  13  0:17  Drone  
  14  0:31  Drone x2  
  16  0:48  Hatchery  
  15  0:52  Drone  
  15  0:56  Drone  
  17  0:59  Drone  
  18  1:10  Extractor  
  17  1:15  Spawning Pool  
  16  1:18  Drone  
  16  1:22  Drone  
  18  1:28  Drone  
  19  1:38  Drone  
  20  1:49  Drone  
  21  2:00  Overlord  
  21  2:01  Zergling x2  
  21  2:02  Queen x2  
  26  2:10  Metabolic Boost  
  26  2:12  Drone  
  26  2:14  Drone  
  28  2:21  Drone  
  29  2:34  Hatchery  
  28  2:38  Drone  
  29  2:45  Drone x2  
  29  2:47  Overlord  
  29  2:50  Drone  
  32  2:57  Baneling Nest  
  31  3:02  Drone x2  
  33  3:06  Drone x2  
  33  3:10  Drone  
  33  3:12  Zergling x4  
  38  3:13  Zergling x2  
  38  3:19  Queen  
  39  3:22  Drone  
  39  3:24  Drone  
  43  3:31  Overlord  
  43  3:32  Evolution Chamber  
  43  3:33  Drone  
  43  3:35  Drone  
  44  3:46  Overlord, Drone x2  
  46  3:48  Drone x3  
  46  3:50  Drone  
  46  3:53  Baneling x2  
  46  3:55  Drone x2  
  51  3:59  Zerg Missile Weapons Level 1  
  51  4:02  Overlord  
  51  4:05  Drone  
  51  4:06  Drone  
  51  4:08  Extractor  
  51  4:09  Drone, Extractor  
  52  4:13  Drone x2  
  54  4:17  Overlord  
  54  4:18  Drone  
  54  4:19  Drone  
  54  4:20  Drone  
  54  4:21  Drone  
  58  4:26  Lair  
  58  4:32  Drone, Roach Warren  
  58  4:33  Drone  
  58  4:34  Drone  
  58  4:37  Drone x2  
  58  4:38  Drone  
  62  4:39  Drone  
  62  4:41  Zergling x2, Extractor  
  62  4:43  Baneling  
  63  4:46  Drone  
  63  4:49  Pneumatized Carapace  
  63  4:51  Drone x4  
  68  5:00  Overlord, Drone  
  68  5:04  Drone  
  68  5:06  Drone  
  70  5:09  Drone  
  70  5:10  Drone x4  
  70  5:13  Extractor  
  70  5:14  Extractor  
  72  5:21  Drone x5  
  75  5:22  Drone  
  75  5:24  Overlord, Glial Reconstitution  
  75  5:26  Overlord  
  75  5:27  Evolution Chamber  
  77  5:29  Overseer  
  77  5:36  Hatchery  
  76  5:44  Queen  
  76  5:46  Roach x6  
  86  5:52  Roach x3  
  86  5:56  Zerg Missile Weapons Level 2  
  92  5:59  Overlord  
  92  6:04  Overlord  
  92  6:07  Roach x2  
  92  6:09  Overlord  
  96  6:14  Zergling x4  
  96  6:16  Overlord  
  96  6:18  Drone x4  
  102  6:20  Roach  
  102  6:23  Zerg Ground Armor Level 1  
  106  6:25  Roach  
  106  6:26  Roach x2  
  110  6:33  Roach x5  
  110  6:38  Burrow  
  120  6:40  Overlord  
  120  6:41  Roach  
  120  6:46  Queen  
  124  6:47  Roach x2  
  124  6:52  Roach x2  
  131  7:00  Roach x6  
  142  7:03  Ravager  
  142  7:04  Overlord x2  
  143  7:09  Overlord  
  143  7:11  Ravager x6  
  143  7:13  Overlord  
  149  7:17  Roach  
  149  7:20  Overlord  
  149  7:22  Overlord  
  151  7:27  Roach x5  
  151  7:29  Overlord  
  161  7:33  Roach x2  
  165  7:38  Roach x3  
  165  7:40  Roach  
  165  7:41  Roach  
  175  7:51  Roach  
  175  7:52  Roach x6  
  175  7:54  Tunneling Claws  
  189  8:04  Roach x7  
  189  8:05  Ravager  
  198  8:06  Ravager  
  197  8:20  Roach  
  197  8:24  Infestation Pit  
  197  8:27  Extractor  
  197  8:41  Roach  
  197  8:43  Zerg Ground Armor Level 2  
  197  9:03  Hatchery, Hive  
  197  9:07  Hydralisk Den  
  195  9:10  Overlord  
  195  9:11  Overlord x3  
  195  9:12  Overseer  
  191  9:24  Overlord  
  191  9:28  Roach x2  
  191  9:29  Queen  
  185  9:32  Overlord  
  177  9:39  Roach x16  
  175  9:46  Roach x12  
  175  9:47  Queen  
  194  9:52  Grooved Spines, Extractor  
  194  9:55  Lurker Den  
  194  9:59  Roach x7  
  192  10:00  Overseer  
  192  10:02  Roach x3  
  198  10:12  Roach  
  192  10:24  Hydralisk  
  192  10:25  Hydralisk x6  
  192  10:28  Roach  
  189  10:44  Roach  
  189  10:45  Roach x4  
  189  10:49  Zerg Missile Weapons Level 3  
  199  10:53  Roach  
  199  10:54  Roach x5  
  185  10:58  Roach x9  
  185  11:03  Roach x6  
  177  11:12  Roach x4  
  181  11:18  Roach  
  181  11:19  Roach x3  
  185  11:27  Roach  
  185  11:31  Roach x11  
  189  11:39  Roach x2  
  177  11:43  Roach  
  177  11:44  Roach x6  
  159  11:51  Roach x9  
  159  11:52  Roach  
  152  11:54  Adaptive Talons  
  152  11:56  Drone x2  
  154  12:02  Lurker x5  
  154  12:03  Lurker  
  154  12:05  Drone  
  154  12:07  Roach  
  161  12:16  Drone  
  160  12:23  Roach x8  
  176  12:30  Roach x24  
  176  12:31  Drone x6  
  176  12:34  Roach x7, Extractor  
  176  12:36  Viper x2  
  187  12:38  Roach x7  
  187  12:41  Overseer  
  185  12:49  Hydralisk x5  
  195  12:55  Overlord  
  195  12:57  Overlord  
  189  13:13  Hydralisk x4  
  189  13:15  Overlord  
  189  13:18  Overlord, Ravager  
  198  13:22  Roach x5  
  198  13:23  Overseer  
  198  13:26  Roach x5  
  196  13:34  Overseer  
  194  13:43  Roach x2  
  194  13:51  Hydralisk x3  
  194  13:54  Extractor  
  194  13:55  Viper x2  
  195  14:08  Spine Crawler  
  194  14:10  Hydralisk x12, Viper x3  
  194  14:11  Viper, Spine Crawler  
  194  14:15  Roach x14  
  194  14:16  Roach x8  
  195  14:28  Spine Crawler  
  195  14:29  Hydralisk x2, Roach x15  
  195  14:30  Overlord  
  190  14:44  Hydralisk x4  
  190  14:59  Hydralisk x14  
  185  15:16  Overseer  
  185  15:18  Roach x8  
  197  15:24  Overlord  
Show
View Real Time Build Order
Export as new Build Order

Serral Zerg - Winner!

Build Orders: Hatch First, Lurkers 

Get SALT Encoding   

  12  0:00  Drone  
  13  0:12  Overlord  
  13  0:16  Drone  
  14  0:30  Drone x2  
  16  0:48  Hatchery  
  15  0:51  Drone  
  15  0:54  Drone  
  17  0:58  Drone  
  18  1:08  Extractor  
  17  1:13  Spawning Pool  
  17  1:17  Drone  
  17  1:19  Drone  
  18  1:27  Drone  
  19  1:38  Drone  
  20  1:49  Drone  
  21  1:59  Overlord  
  21  2:00  Zergling x2, Queen x2  
  26  2:08  Metabolic Boost  
  26  2:10  Drone  
  26  2:11  Drone  
  28  2:22  Drone x2  
  30  2:37  Hatchery  
  30  2:38  Drone  
  30  2:41  Drone  
  31  2:46  Drone x2  
  33  2:51  Baneling Nest  
  33  2:55  Overlord  
  33  2:58  Zergling x2  
  33  3:04  Drone  
  33  3:05  Zergling x2  
  35  3:08  Zergling x2  
  36  3:14  Zergling x4  
  36  3:15  Drone x2  
  36  3:16  Overlord  
  36  3:18  Drone  
  41  3:22  Drone  
  41  3:25  Queen  
  44  3:30  Evolution Chamber  
  44  3:32  Drone  
  44  3:36  Baneling  
  44  3:37  Drone  
  44  3:39  Drone x3  
  48  3:43  Overlord  
  48  3:46  Drone  
  48  3:49  Drone  
  48  3:50  Drone  
  48  3:51  Drone  
  48  3:52  Drone  
  48  3:54  Zergling x2  
  53  3:58  Zerg Missile Weapons Level 1  
  53  4:04  Drone x3  
  56  4:11  Drone x3  
  56  4:12  Drone x2  
  56  4:16  Lair  
  61  4:18  Drone  
  61  4:21  Overlord, Extractor x2  
  61  4:22  Drone  
  61  4:24  Baneling  
  61  4:26  Drone  
  61  4:27  Overlord  
  61  4:29  Drone  
  61  4:30  Drone  
  64  4:32  Drone  
  64  4:36  Drone, Roach Warren  
  65  4:41  Overlord  
  65  4:42  Drone x2  
  65  4:43  Drone  
  68  4:47  Extractor  
  68  4:48  Zergling x2  
  68  4:49  Overlord  
  68  4:50  Drone x2  
  68  4:51  Drone  
  71  4:53  Drone  
  71  4:54  Drone  
  71  4:57  Drone x2  
  75  5:05  Drone x2  
  75  5:06  Drone  
  76  5:07  Extractor  
  76  5:08  Extractor  
  76  5:11  Drone x3  
  76  5:12  Baneling x2  
  77  5:14  Overseer  
  77  5:15  Glial Reconstitution  
  77  5:18  Pneumatized Carapace  
  77  5:23  Drone x2  
  77  5:25  Overlord  
  77  5:26  Overlord  
  77  5:28  Overlord  
  79  5:33  Roach x3  
  85  5:41  Evolution Chamber  
  83  5:44  Hatchery  
  83  5:46  Roach x2  
  83  5:47  Roach x2  
  90  5:50  Roach x2  
  90  5:52  Overlord x2  
  90  5:55  Zerg Missile Weapons Level 2  
  92  5:57  Overlord  
  92  6:04  Roach x4  
  98  6:08  Roach x3  
  106  6:12  Zerg Ground Armor Level 1  
  106  6:15  Drone x2  
  106  6:17  Drone  
  109  6:19  Overseer  
  109  6:21  Overlord x2  
  109  6:23  Roach  
  115  6:25  Roach x2  
  115  6:31  Roach x2  
  115  6:32  Spore Crawler  
  118  6:33  Spore Crawler  
  118  6:37  Ravager x2  
  118  6:38  Ravager x2  
  118  6:39  Drone x2  
  123  6:40  Drone x2  
  123  6:41  Drone x2  
  123  6:46  Roach x3  
  133  6:51  Overlord  
  133  6:52  Roach x2  
  137  6:55  Roach x2  
  137  6:59  Roach x3  
  147  7:04  Roach  
  147  7:05  Infestation Pit  
  148  7:08  Overlord x2  
  148  7:11  Queen  
  148  7:13  Roach x2  
  154  7:21  Roach x5  
  163  7:27  Roach x4  
  171  7:36  Roach x2  
  171  7:37  Roach x4  
  183  7:43  Hive  
  183  7:45  Roach  
  183  7:46  Roach x2  
  183  7:51  Roach  
  191  7:53  Ravager  
  191  7:54  Overlord x2  
  192  7:58  Overlord  
  192  8:03  Overlord  
  192  8:08  Extractor  
  192  8:09  Overlord  
  191  8:17  Ravager  
  191  8:18  Roach x3  
  191  8:19  Roach  
  200  8:31  Hydralisk Den  
  200  8:32  Overseer x2  
  200  8:33  Spine Crawler  
  198  8:35  Zerg Ground Armor Level 2, Spine Crawler  
  197  8:46  Roach  
  197  8:47  Ravager  
  200  8:55  Spine Crawler  
  199  8:58  Zerg Missile Weapons Level 3  
  199  9:00  Overseer  
  199  9:03  Muscular Augments  
  199  9:05  Overseer  
  199  9:07  Ravager  
  200  9:27  Roach x3  
  198  9:31  Roach  
  199  9:44  Roach x11  
  194  9:47  Roach x3  
  194  9:51  Burrow  
  198  9:56  Ravager x2  
  200  10:14  Grooved Spines  
  200  10:23  Hydralisk x3  
  200  10:28  Spine Crawler x2  
  193  10:29  Hatchery  
  193  10:32  Extractor  
  184  10:39  Hydralisk x9  
  190  10:45  Roach x5  
  198  10:53  Roach x10  
  186  10:57  Roach  
  186  11:02  Roach x14  
  186  11:05  Roach Warren  
  186  11:09  Hydralisk  
  186  11:10  Hydralisk x8  
  170  11:17  Hydralisk x3  
  171  11:32  Hydralisk x5  
  155  11:40  Hydralisk x3  
  155  11:45  Hydralisk  
  155  11:46  Hydralisk  
  131  11:59  Roach x3  
  131  12:00  Roach x3  
  143  12:02  Ravager x2  
  147  12:08  Roach x4  
  154  12:19  Lurker Den  
  154  12:20  Roach x4  
  154  12:31  Roach x5  
  154  12:33  Ravager x2  
  166  12:38  Roach x8  
  166  12:40  Overlord  
  166  12:43  Viper x2  
  169  12:44  Roach x8  
  169  12:48  Drone x5  
  177  12:55  Drone x5  
  177  12:58  Viper  
  182  13:01  Overseer  
  185  13:07  Roach x5  
  185  13:11  Roach x4  
  185  13:12  Roach x2  
  190  13:15  Extractor  
  190  13:16  Extractor  
  188  13:26  Hydralisk  
  188  13:27  Hydralisk x2  
  186  13:34  Overseer  
  182  13:39  Drone  
  183  13:47  Lurker x8  
  189  13:52  Adaptive Talons  
  189  13:54  Spine Crawler  
  184  14:00  Overseer  
  184  14:04  Roach x7  
  195  14:24  Spine Crawler  
  195  14:27  Overlord  
  195  14:29  Hydralisk  
  195  14:30  Hydralisk  
  198  14:56  Hatchery  
  198  14:59  Roach x2  
  197  15:00  Roach x3  
  197  15:03  Hydralisk  
  199  15:09  Roach x2  
  199  15:12  Drone x6  
  199  15:13  Overseer x2  
  198  15:15  Spine Crawler  
  198  15:19  Roach x2  
  198  15:20  Roach x3  
  198  15:21  Hydralisk x3, Lurker  
  194  15:22  Roach x2  
Tags
 
Add a new tag
Caveats
  • Supply blocks, unpowered buildings, or Contaminate may cause inaccurate times.
  • Supply counts are checked every 10 seconds.